 Dungeon Crawl Stone Soup version 0.16-a0-3154-g62f4276 (webtiles) character file.

33762 Phoenix the Unseen (level 13, -3/84 HPs)
             Began as a Lacertilian Berserker on Apr 22, 2015.
             Was an Elder of Okawaru.
             Slain by a cyclops (24 damage)
             ... on level 4 of the Orcish Mines on Apr 24, 2015.
             The game lasted 02:42:40 (26660 turns).

Phoenix the Unseen (Lacertilian Berserker)         Turns: 26660, Time: 02:42:40

Health: -3/84      AC: 14    Str: 21    XL:     13   Next: 38%
Magic:  14/16      EV: 15    Int: 12    God:    Okawaru [****..]
Gold:   2358       SH:  0    Dex: 16    Spells: 1 memorised, 8 levels left

rFire  . . .     SeeInvis +     a - +4 great sword (holy)
rCold  . . .     Clarity  +     z - +2 ring mail "Ixeamaek" {Slay+5} (curse)
rNeg   . . .     SustAb   .     (no shield)
rPois  .         Gourm    .     (helmet restricted)
rElec  .         Spirit   .     (no cloak)
rCorr  .         Warding  .     w - +1 pair of gloves
rMut   .         Stasis   .     (no boots)
MR     .....                    k - amulet of clarity
Stlth  +++++++++.               n - ring of Boidinia {+Fly Str+1 Int+3}
                                O - ring of see invisible (curse)

@: short of breath, heroism, not resistant to hostile enchantments, incredibly
stealthy
A: strong connection with the divine, horns 1, slimy green scales 2, camouflage
3, breathe flames 1, clever 1, clumsy 1, low mp 1, robust 1, strong 1, placid
magic 1
a: Heroism, Renounce Religion, Breathe Fire, Evoke Flight


You were on level 4 of the Orcish Mines.
You worshipped Okawaru.
Okawaru was greatly pleased with you.
You were not hungry.

You visited 4 branches of the dungeon, and saw 20 of its levels.
You also visited: Sewer, Bailey and Volcano.

You collected 2358 gold pieces.

Inventory:

Hand weapons
 a - a +4 great sword of holy wrath (weapon)
 b - the +9 rapier of War {freeze, +Rage rN+}
   (You found it on level 7 of the Dungeon)

   It has been specially enchanted to freeze those struck by it, causing extra
   injury to most foes and up to double damage against particularly susceptible
   opponents.
   It can also slow down cold-blooded creatures.
   It protects you from negative energy.
   It lets you go berserk.
Armour
 w - a +1 pair of gloves (worn)
 z - the cursed +2 ring mail "Ixeamaek" (worn) {Slay+5}
   (You found it on level 4 of the Dungeon)

   It affects your accuracy and damage with ranged weapons and melee attacks
   (+5).
   It has a curse placed upon it.
 J - a +2 ring mail of cold resistance
Jewellery
 k - an amulet of clarity (around neck)
 n - the ring of Boidinia (right hand) {+Fly Str+1 Int+3}
   (You found it on level 9 of the Dungeon)

   [ring of flight]

   It affects your strength (+1).
   It affects your intelligence (+3).
   It lets you fly.
 s - an uncursed ring of sustain abilities
 O - a cursed ring of see invisible (left hand)
Magical devices
 M - a wand of disintegration (9)
 R - a wand of fireball (5)
 V - a wand of teleportation (9)
Scrolls
 f - 7 scrolls of remove curse
 j - 8 scrolls of teleportation
 p - 4 scrolls of fog
 y - a scroll of enchant armour {unknown}
 E - 4 scrolls of fear
 L - a scroll of summoning
 P - 2 scrolls of recharging
Potions
 d - 2 potions of haste
 i - a potion of flight
 m - 5 potions of might
 o - a potion of curing
 u - 3 potions of brilliance
 v - 3 potions of berserk rage
 x - 3 potions of restore abilities
 B - a potion of magic
 D - a potion of experience {unknown}
 I - a potion of ambrosia
 W - a potion of agility
Comestibles
 c - 7 bread rations
 g - 18 chunks of flesh
 C - a royal jelly


   Skills:
 - Level 3.3(8.3) Fighting
 * Level 15.6(20.6) Long Blades
 + Level 3.6(8.6) Armour
 - Level 2.0(7.0) Dodging
 + Level 16.1(21.1) Stealth
 + Level 2.7 Translocations
 - Level 2.6 Invocations
 - Level 4.4 Evocations


You had 8 spell levels left.
You knew the following spells:

 Your Spells              Type           Power        Failure   Level  Hunger
a - Control Teleport      Chrm/Tloc      #.........   98%         4    #####..


Dungeon Overview and Level Annotations

Branches:
Dungeon (10/15)            Temple (1/1) D:4            Lair (5/8) D:9
 Spider (0/5) Lair:4          Orc (4/4) D:10            Elf (0/3) Orc:3
  Swamp: Lair:3-6    Shoals: Lair:3-6

Altars:
Ashenzari
Cheibriados
Dithmenos
Elyvilon
Fedhas
Gozag
Kikubaaqudgha
Makhleb
Nemelex Xobeh
Okawaru
Qazlal
Ru
Sif Muna
Trog
Vehumet
Xom
Yredelemnul
Zin
The Shining One

Shops:
Orc:1 :   Orc:4 (}

Annotations:
Lair:2 exclusion: oklob plant
Lair:5 StephenWHawking's ghost, powerful LaBe


Innate Abilities, Weirdness & Mutations

You have a strong connection with the divine.
You may change religions without suffering divine wrath.
You are mostly covered in slimy green scales (AC +3).
Your skin perfectly mimics your surroundings (Stealth).
You have a pair of small horns on your head.
You can breathe flames.
Your mind is acute. (Int +2)
You are clumsy. (Dex -2)
Your magical capacity is low (-10% MP).
You are robust (+10% HP).
Your muscles are strong. (Str +2)
Your spells are a little easier to cast, but a little less powerful.


Message History

You see here 23 gold pieces.
You now have 2358 gold pieces (gained 23).
Use which ability? (? or * to list)
Press: ? - help, Shift-Dir - straight line, f - cyclops
Aim: a cyclops (hasn't noticed you)
You breathe a blast of fire!
The fiery breath hits the cyclops.
The cyclops is moderately wounded.
You feel somewhat more hungry.
The cyclops throws a large rock.
The large rock hits you!!
Use which ability? (? or * to list)
You gain the combat prowess of a mighty hero.
You feel slightly more hungry.
The cyclops throws a large rock.
The large rock barely misses you.
The cyclops throws a large rock.
The large rock hits you!!
You see here a large rock.
The cyclops throws a large rock.
The large rock hits you!
* * * LOW HITPOINT WARNING * * *
You see here a large rock.
The cyclops hits you!!
You die...

### .. ...## ###.###.## ### ....#
.........## ##.# ...###
......<.#.## ##..### #####....##
#..........###.....####.##......#
#...T.........#.....#.......<....
..............#......(..##..))...
..........##...C..((..(#....)....
................@...........##...
.........O....$###..........#....
...#..##...... #..<........#.##
...#### ..... ##...........###
.....###....... ###.......#.#...
.................#.#.......##..).
.................$.<.............
.#..........#...........#........
..#........###......##.#.........


You could see a cyclops and an ogre (wandering).

Vanquished Creatures
  An orc warlord (Bailey)
  A hydra (Lair:3)
  Nessos (Volcano)
  The ghost of Speleothing the Slicer, a powerful LaBe of Trog (Lair:2)
  Nergalle (Lair:2)
  The ghost of Phoenix the Carver, an experienced LaBe of Trog (D:10)
  An unseen horror (D:10)
  A deep troll (Orc:3)
  2 hill giants (D:10)
  An orc sorcerer (Orc:4)
  4 orc knights
  6 statues (Volcano)
  5 spiny frogs
  A black mamba (Lair:4)
  4 komodo dragons
  2 fire drakes
  3 polar bears
  3 trolls
  7 blink frogs
  Grinder (D:6)
  3 basilisks
  23 yaks
  4 trapdoor spiders (Lair:4)
  5 hippogriffs
  A redback simulacrum (D:10)
  5 wargs
  9 water moccasins
  8 porcupines
  4 sky beasts
  2 phantoms
  24 orc warriors
  A black bear (Lair:3)
  6 centaurs
  6 giant frogs
  7 ogres
  A brain worm (Lair:4)
  9 crocodiles
  A gnoll sergeant (D:8)
  3 big kobolds
  A scorpion (D:6)
  3 wights (D:7)
  A goliath beetle (D:10)
  2 crimson imps
  2 centaur zombies
  3 lava snakes (Volcano)
  7 iguanas
  22 orc priests
  7 hounds
  A jelly (D:8)
  2 giant frog zombies
  2 giant frog skeletons
  3 quasits (D:10)
  23 orc wizards
  5 worker ants
  9 sheep (Lair:1)
  A hound zombie (D:10)
  2 mummies
  A hound skeleton (D:4)
  21 river rats
  21 gnolls
  17 adders
  3 shadow imps
  A worker ant zombie (D:8)
  5 giant mites
  6 worms
  An adder skeleton (D:4)
  11 giant geckos
  An ooze (D:1)
  171 orcs
  4 ball pythons (Sewer)
  A bat skeleton (D:4)
  A bat zombie (D:6)
  40 hobgoblins
  10 jackals
  11 quokkas
  11 bats
  9 giant cockroaches
  7 giant newts
  42 goblins
  74 kobolds
  13 rats
  4 plants (Sewer)
751 creatures vanquished.

Vanquished Creatures (collateral kills)
  Eustachio (D:6)
  Duvessa (D:4)
  Dowan (D:4)
  2 quasits (D:6)
  A river rat (D:6)
  An ufetubus (D:6)
  A kobold (D:4)
8 creatures vanquished.

Vanquished Creatures (others)
  A giant spore (D:10)
  A fungus (Lair:2)
2 creatures vanquished.

Grand Total: 761 creatures vanquished

Notes
Turn   | Place    | Note
--------------------------------------------------------------
     0 | D:1      | Phoenix, the Lacertilian Berserker, began the quest for the Orb.
     0 | D:1      | Reached XP level 1. HP: 15/15 MP: 1/1
   162 | D:1      | Reached skill level 3 in Long Blades
   170 | D:1      | Reached XP level 2. HP: 17/20 MP: 2/2
   193 | D:1      | Acquired Trog's second power
  1365 | D:2      | Reached XP level 3. HP: 16/25 MP: 3/3
  1939 | D:2      | Reached skill level 1 in Stealth
  1957 | D:2      | Found a radiant altar of Vehumet.
  2344 | D:3      | Reached XP level 4. HP: 25/30 MP: 3/3
  2347 | D:3      | Found a glowing drain.
  2370 | D:3      | Reached skill level 4 in Long Blades
  2380 | Sewer    | Entered a sewer
  2559 | Sewer    | Acquired Trog's third power
  3360 | D:3      | Reached XP level 5. HP: 20/36 MP: 4/4
  4584 | D:3      | Noticed a big kobold
  4587 | D:3      | Noticed a big kobold
  4599 | D:3      | Reached XP level 6. HP: 42/42 MP: 5/5
  4615 | D:3      | Killed a big kobold
  4615 | D:3      | Reached skill level 5 in Long Blades
  4659 | D:3      | Killed a big kobold
  4971 | D:4      | Received a gift from Trog
  4972 | D:4      | Got an ichor-stained war axe {god gift}
  4973 | D:4      | Identified the +0 war axe "Stros" {chop, Str-2 SInv} (Trog gifted it to you on level 4 of the Dungeon)
  4976 | D:4      | Got a distressingly furry ring mail
  4994 | D:4      | Identified the cursed +2 ring mail "Ixeamaek" {Slay+5} (You found it on level 4 of the Dungeon)
  5002 | D:4      | Found a sacrificial altar of Ru.
  5058 | D:4      | Found a staircase to the Ecumenical Temple.
  5063 | Temple   | Entered the Ecumenical Temple
  5343 | D:4      | Noticed Dowan
  5351 | D:4      | Noticed Duvessa
  5354 | D:4      | Killed Dowan
  5354 | D:4      | Reached skill level 6 in Long Blades
  5354 | D:4      | Gained mutation: Your skin blends seamlessly with your surroundings (Stealth). [lacertilian growth]
  5354 | D:4      | Reached XP level 7. HP: 46/46 MP: 5/5
  5356 | D:4      | Killed Duvessa
  5475 | D:4      | Found a basalt altar of Yredelemnul.
  5764 | D:4      | Got a warped hand axe
  5835 | D:4      | Received a gift from Trog
  5922 | D:4      | Reached skill level 5 in Stealth
  5960 | D:5      | Entered Level 5 of the Dungeon
  6061 | D:5      | Found a glowing silver altar of Zin.
  7250 | D:6      | Reached skill level 7 in Long Blades
  7250 | D:6      | Reached XP level 8. HP: 50/52 MP: 6/6
  7417 | D:6      | Received a gift from Trog
  7483 | D:6      | Noticed Eustachio
  7498 | D:6      | Noticed Grinder
  7511 | D:6      | Killed Grinder
  7511 | D:6      | Reached skill level 8 in Stealth
  7518 | D:6      | Killed Eustachio
  7518 | D:6      | Reached skill level 9 in Stealth
  7530 | D:6      | Gained mutation: You have a pair of small horns on your head. [mutagenic meat]
  7531 | D:6      | Gained mutation: You are robust (+10% HP). [mutagenic meat]
  7532 | D:6      | Gained mutation: Your spells are a little easier to cast, but a little less powerful. [mutagenic meat]
  7689 | Temple   | Fell from the grace of Trog
  7689 | Temple   | Became a worshipper of Warmaster Okawaru
  8292 | D:7      | Gained mutation: You can breathe flames. [mutagenic meat]
  8293 | D:7      | Gained mutation: You are agile. (Dex +2) [mutagenic meat]
  8680 | D:7      | Acquired Okawaru's first power
  8680 | D:7      | Reached XP level 9. HP: 51/62 MP: 7/7
  8742 | D:7      | Reached skill level 10 in Stealth
  8762 | D:7      | Got a faintly glowing rapier
  8767 | D:7      | Found a shimmering altar of Xom.
  8770 | D:7      | Found a blossoming altar of Fedhas.
  8773 | D:7      | Found a sparkling altar of Nemelex Xobeh.
  9051 | D:7      | Found an iron altar of Okawaru.
  9092 | D:7      | Identified the +9 rapier of War {freeze, +Rage rN+} (You found it on level 7 of the Dungeon)
  9556 | D:8      | Found a shattered altar of Ashenzari.
  9609 | D:8      | Reached skill level 11 in Stealth
 10644 | D:9      | Found a staircase to the Lair.
 10661 | D:9      | Reached skill level 12 in Stealth
 10692 | D:9      | Reached XP level 10. HP: 42/69 MP: 7/7
 10843 | D:9      | Reached skill level 10 in Long Blades
 10920 | Lair:1   | Entered Level 1 of the Lair of Beasts
 11226 | D:9      | Got a vibrating lead ring
 11227 | D:9      | Identified the ring of Boidinia {+Fly Str+1 Int+3} (You found it on level 9 of the Dungeon)
 11489 | D:9      | Reached skill level 1 in Invocations
 11981 | Lair:1   | Reached skill level 1 in Evocations
 12354 | Lair:1   | Acquired Okawaru's second power
 12368 | Lair:1   | Reached skill level 13 in Stealth
 13536 | Lair:1   | Received a gift from Okawaru
 13562 | Lair:1   | Reached XP level 11. HP: 66/73 MP: 11/13
 13717 | Lair:2   | Found a shimmering altar of Xom.
 13717 | Lair:2   | Noticed an oklob plant
 14239 | Lair:2   | Noticed Speleothing's ghost (powerful LaBe)
 14337 | Lair:1   | Gained mutation: Your muscles are strong. (Str +2) [potion of beneficial mutation]
 14731 | Lair:2   | Killed Speleothing's ghost
 14755 | Lair:2   | Noticed Nergalle
 14768 | Lair:2   | Killed Nergalle
 15752 | Lair:3   | Reached skill level 14 in Stealth
 15827 | Lair:3   | Noticed a seven-headed hydra
 15835 | Lair:3   | Killed a seven-headed hydra
 15835 | Lair:3   | Received a gift from Okawaru
 16390 | Lair:4   | Got an iridescent dagger
 16398 | Lair:4   | Identified the +9 dagger "Khag" {speed, Noisy rElec MR++} (You found it on level 4 of the Lair of Beasts)
 16457 | Lair:4   | Gained mutation: Your skin perfectly mimics your surroundings (Stealth). [potion of beneficial mutation]
 16507 | Lair:4   | Found a hole to the Spider Nest.
 16552 | Lair:4   | Reached XP level 12. HP: 42/79 MP: 17/17
 17300 | Lair:4   | Received a gift from Okawaru
 17336 | Lair:4   | Reached skill level 15 in Stealth
 18276 | Lair:5   | Noticed StephenWHawking's ghost (powerful LaBe)
 18290 | Lair:5   | Learned a level 4 spell: Control Teleport
 18980 | D:10     | Entered Level 10 of the Dungeon
 19190 | D:10     | Reached skill level 1 in Translocations
 19262 | D:10     | Noticed Phoenix's ghost (experienced LaBe)
 19284 | D:10     | Killed Phoenix's ghost
 19605 | D:10     | Found a staircase to the Orcish Mines.
 20062 | Orc:1    | Entered Level 1 of the Orcish Mines
 20166 | Orc:1    | Found a dark tunnel.
 20188 | Volcano  | Entered a volcano
 20856 | Volcano  | Found a bloodstained altar of Trog.
 20856 | Volcano  | Noticed Nessos
 20869 | Volcano  | Killed Nessos
 20869 | Volcano  | Reached XP level 13. HP: 19/84 MP: 11/18
 21517 | Orc:1    | Found Qule's Book Boutique.
 21647 | D:9      | Reached skill level 16 in Stealth
 21691 | D:9      | Lost mutation: You are agile. (Dex +2) [potion of mutation]
 21691 | D:9      | Gained mutation: Your magical capacity is low (-10% MP). [potion of mutation]
 21691 | D:9      | Gained mutation: You are clumsy. (Dex -2) [potion of mutation]
 21930 | Orc:1    | Reached skill level 15 in Long Blades
 22766 | Orc:3    | Found a staircase to the Elven Halls.
 22814 | Orc:3    | Found a shimmering altar of Xom.
 22829 | Orc:3    | Found a flagged portal.
 22866 | Bailey   | Entered a bailey
 23390 | Bailey   | Noticed an orc warlord
 23821 | Bailey   | Gained mutation: Your mind is acute. (Int +2) [potion of beneficial mutation]
 23907 | Bailey   | Killed an orc warlord
 25880 | Orc:4    | Entered Level 4 of the Orcish Mines
 25889 | Orc:4    | Found Cebrasm's Quality Used Wands.
 25929 | Orc:4    | Found Schuqig's Antique Weapon Shop.
 26660 | Orc:4    | Slain by a cyclops

Action                   |  1- 3 |  4- 6 |  7- 9 | 10-12 | 13-15 || total
-------------------------+-------+-------+-------+-------+-------++-------
Melee: Falchion          |   141 |   560 |    58 |       |       ||   759
       Short sword       |       |     5 |    13 |       |       ||    18
       Quick blade       |       |       |    67 |       |       ||    67
       Long sword        |       |       |   143 |    84 |       ||   227
       Rapier            |       |       |    10 |    92 |    13 ||   115
       Double sword      |       |       |       |   105 |       ||   105
       Great sword       |       |       |       |   253 |   359 ||   612
Invok: Berserk           |     3 |     2 |     1 |       |       ||     6
       Trog's Hand       |     2 |     7 |     1 |       |       ||    10
       Brothers in Arms  |       |     1 |     1 |       |       ||     2
       Heroism           |       |       |       |    11 |     7 ||    18
       Finesse           |       |       |       |     6 |       ||     6
 Abil: Breathe Fire      |       |       |    17 |    25 |    15 ||    57
Evoke: Wand              |       |       |       |     1 |       ||     1
  Use: Scroll            |     4 |     2 |     2 |    14 |     3 ||    25
       Potion            |       |     5 |     2 |     9 |     7 ||    23
 Stab: Sleeping          |     2 |     5 |    33 |    52 |    23 ||   115
       Distracted        |       |     3 |     1 |     5 |     2 ||    11
       Fleeing           |       |       |       |     1 |       ||     1
  Eat: Chunk             |     2 |     6 |    19 |    23 |    20 ||    70
       Beef jerky        |     1 |       |     1 |     1 |       ||     3
       Meat ration       |     1 |     1 |     1 |       |       ||     3
       Royal jelly       |       |     1 |     1 |       |       ||     2
       Bread ration      |       |       |       |     3 |       ||     3
       Pizza             |       |       |       |     1 |       ||     1
       Fruit             |       |       |       |     2 |       ||     2
